 Dungeon Crawl Stone Soup version 0.30-a0-743-gbfdf073431 (webtiles) character file.

Game seed: 12212826770797140209

391 BubbleThief the Chopper (level 6, -1/48 HPs)
             Began as a Demonspawn Fighter on Feb 8, 2023.
             Slain by an orc
             ... wielding a +0 club
              (4 damage)
             ... on level 4 of the Dungeon.
             The game lasted 00:02:52 (1897 turns).

BubbleThief the Chopper (Demonspawn Fighter)        Turns: 1897, Time: 00:02:52

Health: -1/48      AC: 12    Str: 19    XL:     6   Next: 50%
Magic:  6/6        EV:  6    Int:  9    God:
Gold:   144        SH:  4    Dex: 12    Spells: 5/5 levels left

rFire   . . .      SeeInvis .    a - +0 war axe
rCold   . . .      Faith    .    c - +0 buckler
rNeg    . . .      Spirit   .    b - +0 scale mail
rPois   .          Reflect  .    (no helmet)
rElec   .          Harm     .    (no cloak)
rCorr   .          Rampage  .    (no gloves)
Will    .....                    d - +1 pair of boots Stlth
                                 (no amulet)
HPRegen 0.28/turn                m - +4 ring of slaying
MPRegen 0.10/turn                (no ring)

@: attractive, constricted
A: thin metallic scales 2, powered by death 1, weakness stinger 1
a: no special abilities


You were on level 4 of the Dungeon.
You visited 1 branch of the dungeon, and saw 5 of its levels.

You collected 144 gold pieces.

Inventory:

Hand Weapons
 a - a +0 war axe (weapon)
Missiles
 p - 2 atropa-tipped darts (quivered)
Armour
 b - a +0 scale mail (worn)
 c - a +0 buckler (worn)
 d - a +1 pair of boots (worn)
Jewellery
 m - a +4 ring of slaying (left hand)
 o - an amulet of guardian spirit
Scrolls
 g - 6 scrolls of identify {unknown}
Potions
 e - a potion of curing {unknown}
 f - a potion of degeneration {unknown}
 h - 2 potions of attraction
 j - a potion of magic


   Skills:
 + Level 4.2 Fighting
 * Level 4.2 Axes
 + Level 3.8 Armour
 + Level 3.8 Shields


You had 5 spell levels left.
You didn't know any spells.
Your spell library contained the following spells:

 Spells                   Type           Power      Damage    Failure   Level
 Apportation              Tloc           0%         N/A       83%         1
 Necrotise                Necr           0%         1d4       83%         1
 Slow                     Hex            0%         N/A       83%         1
 Summon Small Mammal      Summ           0%         N/A       83%         1
 Confusing Touch          Hex            0%         N/A       99%         3
 Vampiric Draining        Necr           0%         2d6       99%         3


Dungeon Overview and Level Annotations

Branches:
Dungeon (5/15)
 Temple: D:4-7

Altars:
Nemelex Xobeh

Annotations:
D:4 Eustachio
D:5 Menkaure


Innate Abilities, Weirdness & Mutations

You are mostly covered in thin metallic scales. (AC +3)
You regenerate a little health from kills.
You have a small tail.


Message History

You block the orc wizard's attack. The orc priest closely misses you.
The orc priest hits you from afar with a +0 trident.
The ball python closely misses you. The ball python constricts you.
You closely miss the ball python.
You tail-slap the ball python, but do no damage.
You hit the orc wizard. You hit the orc. You block the ball python's attack.
The ball python constricts you. The orc hits you but does no damage.
The orc priest calls upon Beogh to heal the orc.
The orc's wounds heal themselves!
You block the orc wizard's attack.
The orc priest hits you from afar with a +0 trident.
Unknown command.
It was a potion of attraction.
You feel attractive to monsters. You block the ball python's attack.
The ball python constricts you. The orc hits you but does no damage.
The orc hits you with a +0 club.
* * * LOW HITPOINT WARNING * * *
The orc priest hits you from afar with a +0 trident!
* * * LOW HITPOINT WARNING * * *
The orc priest calls upon Beogh to heal the orc wizard.
The orc wizard's wounds heal themselves!
Eustachio gestures wildly while chanting.
The white imp is attracted toward you. The bat is attracted toward you.
It was a potion of magic.
Magic courses through your body. The bat hits you but does no damage.
The ball python bites you but does no damage.
The ball python constricts you.
* * * LOW HITPOINT WARNING * * *
You block the orc's attack. The orc hits you with a +0 club.
* * * LOW HITPOINT WARNING * * *
The orc priest hits you but does no damage.
The orc priest looks satisfied for a moment.
The orc wizard hits you but does no damage.
Eustachio gestures wildly while chanting.
The ball python bites you but does no damage.
The ball python constricts you.
It was a potion of cancellation.
Your magical effects are unravelling.
You feel magically purged. You block the bat's attack.
The bat hits you but does no damage. The orc hits you with a +0 club.
You die...

+§§☼§.#....
#§☼§§.....#
§§§§.#...###
##§☼§.#.....
.##§§§§..§..#
....§§§§5r..#
#..§b@5b.#
#..S@§b#
#..§ooo§#
#§§oo§§§#
#§..§....#
###.o....#
#..o...#
#.......
#.....#..


You could see Eustachio, 2 orc priests, an orc wizard, a crimson imp (summoned),
a white imp (summoned), 2 orcs, a quokka (summoned), 3 bats and a ball python.

Vanquished Creatures
  Sigmund (D:2)
  A water moccasin (D:5)
  An orc wizard (D:3)
  3 gnolls (D:2)
  3 adders (D:2)
  3 dart slugs
  2 orcs (D:3)
  6 ball pythons
  An endoplasm (D:2)
  A giant cockroach (D:1)
  5 goblins
  2 hobgoblins (D:1)
  7 jackals
  2 quokkas
  3 bats
  4 frilled lizards
  3 kobolds
  3 rats (D:1)
51 creatures vanquished.

Notes
Turn   | Place    | Note
-------+----------+-------------------------------------------
     0 | D:1      | BubbleThief the Demonspawn Fighter began the quest for the
                  | Orb.
     0 | D:1      | Reached XP level 1. HP: 18/18 MP: 1/1
   107 | D:1      | Found a faded altar of an unknown god.
   224 | D:1      | Gained mutation: You are partially covered in thin metallic
                  | scales. (AC +2) [demonic ancestry]
   224 | D:1      | Reached XP level 2. HP: 24/24 MP: 2/2
   628 | D:2      | Gained mutation: You regenerate a little health from kills.
                  | [demonic ancestry]
   628 | D:2      | Reached XP level 3. HP: 27/29 MP: 3/3
   666 | D:2      | Noticed Sigmund
   673 | D:2      | Killed Sigmund
   674 | D:2      | Gained mutation: You have a small tail. [demonic ancestry]
   674 | D:2      | Reached XP level 4. HP: 19/37 MP: 4/4
   674 | D:2      | Gained mutation: You are mostly covered in thin metallic
                  | scales. (AC +3) [demonic ancestry]
   674 | D:2      | Reached XP level 5. HP: 22/42 MP: 5/5
   843 | D:2      | Found a sparkling altar of Nemelex Xobeh.
  1826 | D:3      | Reached XP level 6. HP: 48/48 MP: 6/6
  1874 | D:3      | You fall into a shaft and drop 2 floors!
  1874 | D:5      | Entered Level 5 of the Dungeon
  1875 | D:5      | Noticed a water moccasin
  1882 | D:5      | Killed a water moccasin
  1883 | D:5      | Noticed Menkaure
  1888 | D:4      | Noticed Eustachio
  1897 | D:4      | Slain by an orc

Illustrated notes

Levels and vault maps discovered:
D:1:      saegor_arrival_fortress, layout_rooms,
          nicolae_ecumenical_snake_handling, supply_closet_lemuel
D:2:      layout_basic, basic_altar, uniq_sigmund
D:3:      layout_basic, uniq_jessica
D:4:      minmay_skewed_foursquare, layout_basic,
          chequers_temple_overflow_statue_of_worship,
          minmay_temple_entry_glassed_door, uniq_pikel, uniq_duvessa,
          uniq_eustachio
D:5:      gammafunk_steamed_eel, layout_loops_ring, uniq_menkaure

Skill      XL: |  1  2  3  4  5  6 |
---------------+-------------------+-----
Axes           | 2 3 4 |  4.2
Shields        | 3 |  3.8
Armour         | 3 |  3.8
Fighting       | 4 |  4.2

Action                     |  1- 3 |  4- 6 || total
---------------------------+-------+-------++-------
  Melee: War axe           |    70 |    60 ||   130
         Tailslap          |       |     5 ||     5
  Throw: Dart              |       |     2 ||     2
    Use: Potion            |     1 |     3 ||     4
         Scroll            |       |     4 ||     4
   Stab: Invisible         |       |     1 ||     1
 Armour: Scale mail        |    33 |    47 ||    80
  Dodge: Dodged            |    29 |    31 ||    60
  Block: Buckler           |    14 |    16 ||    30

Table legend: (Time is in decaauts)
 A = Elapsed time spent in this place.
 B = Non-inter-level travel time spent in this place.
 C = Inter-level travel time spent in this place.
 D = Time resting spent in this place.
 E = Time spent auto-exploring this place.
 F = Levels seen in this place.
 G = Mean time per level.
                   A        B        C        D        E       F      G
               +--------+--------+--------+--------+--------+-----+--------+
         Total |   1948 |   1887 |     61 |    112 |   1404 |   5 |  389.6 |
       Dungeon |   1948 |   1887 |     61 |    112 |   1404 |   5 |  389.6 |
               +--------+--------+--------+--------+--------+-----+--------+

Top non-repeatable levels by time:
     D:2: 1100 daAuts
     D:1: 626 daAuts
     D:3: 197 daAuts
     D:5: 15 daAuts
     D:4: 9 daAuts
